 Dungeon Crawl Stone Soup version 0.24.0-1-gfbc8707 (webtiles) character file.

Game seed: 15625073996428592997, levelgen mode: deterministic

128080 Exaltedone87 the Warrior (level 16, -1/155 HPs)
             Began as a Grey Draconian Berserker on Oct 31, 2019.
             Was the Champion of Trog.
             Slain by an Executioner (8 damage)
             ... on level 3 of the Abyss.
             The game lasted 01:54:01 (27379 turns).

Exaltedone87 the Warrior (DrBe)                    Turns: 27379, Time: 01:54:02

Health: -1/155     AC: 21    Str: 31    XL:     16   Next: 47%
Magic:  0/16       EV: 21    Int: 10    God:    Trog [******]
Gold:   1015       SH: 33    Dex: 26    Spells: 15/15 levels left

rFire    . . .     SeeInvis +   M - +4 scimitar (flame)
rCold    . . .     Gourm    .   X - +18 shield of the Gong {rElec rN+ MR+ EV-5}
rNeg     + . .     Faith    +   (armour unavailable)
rPois    .         Spirit   +   x - +3 crown of Dyrovepreva {rElec Int+2 SInv}
rElec    +         Reflect  .   H - scarf {Spirit}
rCorr    .         Harm     .   z - +1 pair of gloves {Dex+3}
MR       +++++                  r - +1 pair of boots
Stlth    ++........             q - amulet of Immorality {Faith Str+7 Int-2 Dex+7}
HPRegen  1.35/turn              h - +4 ring of slaying
MPRegen  0.15/turn              C - ring of protection from magic

@: mighty, very slightly contaminated, regenerating, invisible
A: walk through water, unfitting armour, unbreathing, cold-blooded, AC +14
a: Berserk, Trog's Hand, Brothers in Arms, Renounce Religion


You were on level 3 of the Abyss.
You worshipped Trog.
Trog was exalted by your worship.
You were hungry.

You visited 4 branches of the dungeon, and saw 26 of its levels.
You visited the Abyss 1 time.
You also visited: Sewer, Ossuary, Gauntlet and Ice Cave.

You collected 2383 gold pieces.
You spent 1368 gold pieces at shops.

Inventory:

Hand Weapons
 a - a +2 double sword of venom
 M - a +4 scimitar of flaming (weapon)
Armour
 r - a +1 pair of boots (worn)
 x - the +3 crown of Dyrovepreva (worn) {rElec Int+2 SInv}
   (You found it on level 4 of the Dungeon)

   It affects your intelligence (+2).
   It insulates you from electricity.
   It lets you see invisible.
 z - a +1 pair of gloves of dexterity (worn)
 H - a scarf of spirit shield (worn)
 J - the +2 buckler "Kioniena" {Str+4 Slay+2}
   (You found it in a Gauntlet)

   It affects your strength (+4).
   It affects your accuracy and damage with ranged weapons and melee attacks
   (+2).
 X - the +18 shield of the Gong (worn) {rElec rN+ MR+ EV-5}
   (You bought it in a shop on level 2 of the Orcish Mines)

   It affects your evasion (-5).
   It insulates you from electricity.
   It protects you from negative energy.
   It affects your resistance to hostile enchantments.
Jewellery
 c - an uncursed ring of protection from magic
 e - an uncursed ring of flight
 g - a +2 ring of protection
 h - a +4 ring of slaying (left hand)
 i - an uncursed ring of fire
 q - the amulet of Immorality (around neck) {Faith Str+7 Int-2 Dex+7}
   (You took it off a minotaur in a Gauntlet)

   [amulet of faith]

   It allows you to gain divine favour quickly.
   It affects your strength (+7).
   It affects your intelligence (-2).
   It affects your dexterity (+7).
 C - a ring of protection from magic (right hand)
 K - an uncursed ring of protection from cold
 P - an uncursed ring of positive energy
 Q - an uncursed ring of protection from fire
 R - an uncursed ring of fire
 Y - an uncursed ring of resist corrosion {unknown}
Wands
 j - a wand of random effects (49)
 n - a wand of disintegration (32)
 y - a wand of scattershot (8)
 A - a wand of acid (15)
 L - a wand of paralysis (13)
 O - a wand of flame (14)
 S - a wand of enslavement (10)
Scrolls
 d - 3 scrolls of blinking
 f - 6 scrolls of fear
 m - 21 scrolls of teleportation
 p - 11 scrolls of remove curse
 t - 3 scrolls of fog
 u - 9 scrolls of identify
 E - a scroll of summoning
 I - 3 scrolls of magic mapping
 N - 4 scrolls of enchant armour
 U - a scroll of silence {unknown}
Potions
 k - 8 potions of curing
 l - 4 potions of flight
 s - 2 potions of resistance
 w - 6 potions of mutation
 B - 2 potions of haste
 D - 3 potions of cancellation
 F - a potion of might
 G - 3 potions of magic
 T - a potion of berserk rage
 V - a potion of brilliance {unknown}
 W - 2 potions of heal wounds
Miscellaneous
 v - a phantom mirror
Comestibles
 b - 31 rations


   Skills:
 * Level 17.4 Fighting
 + Level 16.3 Long Blades
 + Level 13.7 Dodging
 + Level 11.9 Shields


You had 15 spell levels left.
You didn't know any spells.
Your spell library was empty.

Dungeon Overview and Level Annotations

Branches:
Dungeon (15/15)            Temple (0/1) D:7            Lair (6/6) D:8
 Shoals (3/4) Lair:2        Snake (0/4) Lair:4        Slime (0/5) Lair:6
    Orc (2/2) D:10            Elf (0/3) Orc:2        Vaults (0/5) D:13
 Depths (0/5) D:15          Sewer (visited)         Ossuary (visited)
  IceCv (visited)         Gauntlet (visited)

Altars:
Ashenzari
Cheibriados
Dithmenos
Fedhas
Gozag
Hepliaklqana
Kikubaaqudgha
Makhleb
Nemelex Xobeh
Okawaru
Sif Muna
Trog
Uskayaw
Xom
Zin
Jiyva

Shops:
D:4 [   D:6 !   D:8 }   D:13 %   D:15 *   Orc:2 !([   Shoals:3 (

Annotations:
Shoals:3 Bai Suzhen


Innate Abilities, Weirdness & Mutations

You can walk through water.
Your dull iron-grey scales are very hard. (AC +14)
You cannot fit into any form of body armour.
You can survive without breathing.
You are cold-blooded and may be slowed by cold attacks.


Message History

The quicksilver dragon simulacrum freezes your cyclops!!
The quicksilver dragon simulacrum claws your cyclops!
Your cyclops dies!
Your cyclops's corpse disappears in a puff of smoke!
Your skin crawls.
You feel resistant to hostile enchantments.
You are feeling hungry.
You block the Executioner's attack.
BOUMMMMG!
You block the Executioner's attack.
PTOANNNG!
You block the Executioner's attack.
SHROANNG!
The Executioner completely misses you.
You riposte.
You slice the Executioner!! You burn the Executioner.
You tail-slap the Executioner.
The Executioner is heavily wounded.
The Executioner hits you.
* * * LOW HITPOINT WARNING * * *
The Executioner hits you!
You die...

. ...#..............
....#.. .......
#.#.#.#.#........ #
...#####.............
.##∩.#..............
$. #..###..#..#. #..
##........#.. . .
#...Z......#..#.
#..@1.............
#.....##..##..##..##..
#.... #..# ..# ..#
##.. ........% .. #.
......!... #
.#.....#.... ##...## .
##.##


You could see an Executioner and a quicksilver dragon simulacrum.

Vanquished Creatures
  A kraken (Shoals:1)
  A frost giant (IceCv)
  2 stone giants
  A minotaur (Gauntlet)
  A merfolk javelineer (Shoals:2)
  An ettin (Orc:1)
  A merfolk impaler (Shoals:1)
  A yaktaur captain (D:15)
  9 hydras
  A catoblepas (Lair:6)
  4 vault guards (D:13)
  A satyr (Shoals:2)
  5 centaur warriors
  A merfolk avatar (Shoals:1)
  7 tengu warriors
  3 death yaks (IceCv)
  A merfolk aquamancer (Shoals:3)
  A deep troll earth mage (D:14)
  3 two-headed ogres
  Urug (Lair:4)
  The ghost of polio18 the Grappler, a novice TrMo (D:8)
  Nergalle (Lair:3)
  A skeletal warrior (D:12)
  5 unseen horrors
  A deep elf archer (D:15)
  6 sea snakes
  2 orc knights
  11 fauns (Shoals:2)
  14 harpies
  4 cyclopes
  9 ugly things
  A wolf spider zombie (D:14)
  5 manticores
  Joseph (Lair:1)
  2 moths of wrath (Gauntlet)
  A black mamba (Lair:5)
  2 water nymphs
  4 elephants
  7 merfolk sirens
  4 centaur skeletons
  A gargoyle (D:11)
  A torpor snail (Lair:3)
  3 rime drakes
  3 komodo dragons
  7 spiny frogs
  4 efreet
  A kobold demonologist (D:15)
  2 yaktaurs
  A rime drake (shapeshifter) (D:14)
  16 polar bears
  3 tengu conjurers
  A merfolk (shapeshifter) (D:14)
  6 hornets
  19 merfolk
  7 trolls
  A wind drake (Shoals:2)
  5 snapping turtles
  A dream sheep (Lair:6)
  A meliai zombie (D:13)
  18 slime creatures
  9 blink frogs
  12 hippogriffs
  A starcursed mass (Abyss:2)
  3 redbacks (Gauntlet)
  A ynoxinul (Abyss:3)
  2 vampires
  45 yaks
  13 spriggans (Lair:6)
  9 water elementals
  3 wraiths
  A basilisk (shapeshifter) (D:15)
  A fire elemental (Gauntlet)
  The ghost of pkoi the Ruffian, an amateur MiMo (D:7)
  3 basilisks
  2 vampire mosquitoes
  A golden eye (shapeshifter) (D:14)
  3 wyverns
  4 hungry ghosts
  3 acid dragons
  2 hell hounds (Gauntlet)
  11 water moccasins
  6 porcupines
  A meliai simulacrum (D:14)
  2 hornet zombies
  12 ice beasts
  5 black bears
  39 orc warriors
  3 phantoms
  7 sky beasts
  3 ogres
  2 necrophages
  52 wolves
  3 boggarts (Lair:6)
  32 centaurs
  10 crocodiles
  3 big kobolds
  19 bullfrogs
  A wyvern zombie (D:6)
  4 scorpions
  14 killer bees
  5 wights (D:7)
  4 howler monkeys
  10 crimson imps
  3 centaur zombies
  A quasit (D:9)
  7 hounds
  A bullfrog zombie (D:10)
  2 jellies
  21 orc priests
  Crazy Yiuf (D:2)
  3 bullfrog skeletons
  21 orc wizards
  Jessica (D:2)
  4 iguanas
  7 hell rats (Lair:1)
  9 worker ants
  A hound zombie (D:4)
  A hound skeleton (D:5)
  A howler monkey zombie (D:7)
  Robin (D:2)
  A mummy (Ossuary)
  A worker ant zombie (D:5)
  6 gnolls
  4 river rats (Lair:1)
  9 adders
  7 shadow imps
  5 oozes
  2 adder skeletons
  8 worms
  2 dart slugs
  8 leopard geckos
  58 orcs
  11 giant cockroaches
  17 goblins
  8 hobgoblins
  18 jackals
  18 kobolds
  6 quokkas
  3 ball pythons
  10 bats
  10 frilled lizards
  7 gnoll skeletons (Ossuary)
  A jackal skeleton (D:5)
  5 kobold skeletons (Ossuary)
  13 orc skeletons (Ossuary)
  A quokka skeleton (D:4)
  11 rats
  4 plants
  A tentacle (Shoals:1)
936 creatures vanquished.

Vanquished Creatures (others)
  A polar bear (IceCv)
  An orc (Orc:2)
  14 fungi
  15 plants
  3 tentacles (Shoals:1)
34 creatures vanquished.

Grand Total: 970 creatures vanquished

Notes
Turn   | Place    | Note
-------+----------+-------------------------------------------
     0 | D:1      | Exaltedone87 the Draconian Berserker began the quest for
                  | the Orb.
     0 | D:1      | Reached XP level 1. HP: 19/19 MP: 1/1
    26 | D:1      | Reached XP level 2. HP: 22/26 MP: 2/2
   265 | D:1      | Reached ** piety under Trog
   367 | D:1      | Reached XP level 3. HP: 24/33 MP: 3/3
   849 | D:2      | Found a runed translucent door.
   850 | D:2      | Noticed Crazy Yiuf
   929 | D:2      | Noticed Robin
   958 | D:2      | Killed Robin
  1123 | D:2      | Found a burning altar of Makhleb.
  1141 | D:2      | Found a shimmering altar of Xom.
  1189 | D:2      | Noticed Jessica
  1204 | D:2      | Reached XP level 4. HP: 21/40 MP: 4/4
  1209 | D:2      | Killed Jessica
  1209 | D:2      | Reached skill level 4 in Fighting
  1474 | D:2      | Killed Crazy Yiuf
  1487 | D:2      | HP: 2/40 [poisoned by Crazy Yiuf]
  1493 | D:2      | HP: 1/40 [poisoned by Crazy Yiuf]
  2013 | D:3      | Reached XP level 5. HP: 46/46 MP: 5/5
  2096 | D:3      | Found a hide-covered altar of Uskayaw.
  2176 | D:3      | Found a bloodstained altar of Trog.
  2298 | D:3      | Found a glowing silver altar of Zin.
  2331 | D:3      | Found an ancient bone altar of Kikubaaqudgha.
  2334 | D:3      | Found a shadowy altar of Dithmenos.
  2634 | D:4      | Reached *** piety under Trog
  2728 | D:4      | Found a glowing drain.
  2757 | Sewer    | Entered a sewer
  2761 | Sewer    | Reached skill level 5 in Long Blades
  3459 | D:4      | Reached XP level 6. HP: 53/53 MP: 6/6
  3487 | D:4      | Reached **** piety under Trog
  3796 | D:4      | Reached skill level 5 in Fighting
  3814 | D:4      | Found Cadda's Antique Armour Shop.
  3824 | D:4      | Your scales start taking on a dull iron-grey colour.
  3824 | D:4      | Reached XP level 7. HP: 47/61 MP: 7/7
  3824 | D:4      | Gained mutation: You can survive without breathing. [Grey
                  | Draconian growth]
  4153 | D:4      | Found a large runed translucent door.
  4154 | D:4      | Found a large runed translucent door.
  4168 | D:4      | Found a large runed translucent door.
  4168 | D:4      | Found a large runed translucent door.
  4302 | D:4      | Found the +3 crown of Dyrovepreva {rElec Int+2 SInv}
  4724 | D:5      | Entered Level 5 of the Dungeon
  4739 | D:5      | Reached skill level 6 in Fighting
  4753 | D:5      | Reached skill level 5 in Dodging
  4753 | D:5      | Reached XP level 8. HP: 58/70 MP: 8/8
  5303 | D:5      | Found a snail-covered altar of Cheibriados.
  5882 | D:6      | Reached skill level 7 in Fighting
  5926 | D:6      | Found a shattered altar of Ashenzari.
  5989 | D:6      | Found an opulent altar of Gozag.
  6146 | D:6      | Found Notsep's Distillery.
  6160 | D:6      | Reached XP level 9. HP: 79/79 MP: 9/9
  6209 | D:6      | Found a hazy altar of Hepliaklqana.
  6341 | D:6      | Found a shimmering blue altar of Sif Muna.
  6496 | D:7      | Found a large runed translucent door.
  6497 | D:7      | Found a large runed translucent door.
  6498 | D:7      | Noticed pkoi's ghost (amateur MiMo)
  6507 | D:7      | Found a staircase to the Ecumenical Temple.
  6509 | D:7      | Found a sand-covered staircase.
  6587 | Ossuary  | Entered an ossuary
  6995 | Ossuary  | Identified a scroll of acquirement
  7260 | D:7      | Reached skill level 8 in Fighting
  7268 | D:7      | Received a gift from Trog
  7494 | D:7      | Killed pkoi's ghost
  7494 | D:7      | Reached skill level 10 in Long Blades
  7825 | D:8      | Found Maneeno's Gadget Boutique.
  7977 | D:8      | Found a staircase to the Lair.
  8154 | D:8      | Found a sparkling altar of Nemelex Xobeh.
  8194 | D:8      | Found a runed translucent door.
  8198 | D:8      | Noticed polio18's ghost (novice TrMo)
  8211 | D:8      | Killed polio18's ghost
  8211 | D:8      | Reached XP level 10. HP: 83/90 MP: 10/10
  8591 | D:9      | Found an iron altar of Okawaru.
  8607 | D:9      | Reached skill level 9 in Fighting
  8614 | D:9      | Noticed a two-headed ogre
  8615 | D:9      | Reached ***** piety under Trog
  8621 | D:9      | Killed a two-headed ogre
  9133 | D:10     | Entered Level 10 of the Dungeon
  9173 | D:10     | Noticed an unseen horror
  9184 | D:10     | Killed an unseen horror
  9415 | D:10     | Noticed a two-headed ogre
  9428 | D:10     | Killed a two-headed ogre
  9428 | D:10     | Reached XP level 11. HP: 51/99 MP: 11/11
  9660 | D:10     | Reached skill level 10 in Fighting
  9686 | D:10     | Found a staircase to the Orcish Mines.
  9956 | D:11     | Found a gate leading to a gauntlet.
  9965 | Gauntlet | Entered a Gauntlet
  9965 | Gauntlet | Found a transporter.
  9965 | Gauntlet | Found a transporter.
  9969 | Gauntlet | Found a transporter.
  9969 | Gauntlet | Found a transporter.
  9981 | Gauntlet | Found a transporter.
  9988 | Gauntlet | Found a transporter.
  9990 | Gauntlet | Found a transporter.
  9990 | Gauntlet | Found a transporter.
  9994 | Gauntlet | Found a transporter.
 10028 | Gauntlet | Found a transporter.
 10060 | Gauntlet | Found a transporter.
 10106 | Gauntlet | Found a transporter.
 10120 | Gauntlet | Noticed a fire crab
 10121 | Gauntlet | Found a transporter.
 10213 | Gauntlet | Found a transporter.
 10215 | Gauntlet | Noticed an oklob plant
 10223 | Gauntlet | Found a transporter.
 10239 | Gauntlet | Found a transporter.
 10654 | Gauntlet | Got a scintillating lead ring
 10655 | Gauntlet | Identified the ring "Dodghiof" {Ice *Drain rPois Str-3
                  | Int+8} (You found it in a Gauntlet)
 10734 | Gauntlet | Identified the amulet of Immorality {Faith Str+7 Int-2
                  | Dex+7}
 10734 | Gauntlet | Noticed a minotaur
 10745 | Gauntlet | Killed a minotaur
 10917 | Gauntlet | Got a pitted buckler
 10919 | Gauntlet | Identified Seinipil's Papyrus of Clay and Sinister Secrets
 11010 | Gauntlet | Identified the +2 buckler "Kioniena" {Str+4 Slay+2} (You
                  | found it in a Gauntlet)
 11118 | D:11     | Noticed an unseen horror
 11120 | D:11     | Noticed a white ugly thing
 11121 | D:11     | Killed an unseen horror
 11121 | D:11     | Reached skill level 1 in Shields
 11126 | D:11     | Killed a white ugly thing
 11186 | D:11     | Reached skill level 11 in Fighting
 11416 | D:11     | Received a gift from Trog
 11764 | Lair:1   | Entered Level 1 of the Lair of Beasts
 11941 | Lair:1   | Reached XP level 12. HP: 110/110 MP: 12/12
 12184 | Lair:1   | Noticed Joseph
 12204 | Lair:1   | Killed Joseph
 12206 | Lair:1   | Received a gift from Trog
 12893 | Lair:2   | Noticed a five-headed hydra
 12898 | Lair:2   | Killed a three-headed hydra
 13006 | Lair:2   | Found a staircase to the Shoals.
 14011 | Lair:3   | Found a runed translucent door.
 14013 | Lair:3   | Noticed a five-headed hydra
 14025 | Lair:3   | Killed a one-headed hydra
 14081 | Lair:3   | Noticed Nergalle
 14090 | Lair:3   | Killed Nergalle
 14090 | Lair:3   | Reached skill level 10 in Dodging
 14262 | Lair:4   | Noticed a four-headed hydra
 14262 | Lair:4   | Noticed Urug
 14271 | Lair:4   | Killed a two-headed hydra
 14276 | Lair:4   | Killed Urug
 14276 | Lair:4   | Reached skill level 5 in Shields
 14292 | Lair:4   | Reached skill level 12 in Fighting
 14606 | Lair:4   | Found a snail-covered altar of Cheibriados.
 14834 | Lair:4   | Noticed a six-headed hydra
 14840 | Lair:4   | Killed a three-headed hydra
 14840 | Lair:4   | Reached XP level 13. HP: 110/118 MP: 13/13
 14871 | Lair:4   | Found a staircase to the Snake Pit.
 15324 | Lair:5   | Reached skill level 15 in Long Blades
 15793 | Lair:5   | Found a frozen archway.
 15817 | IceCv    | Entered an ice cave
 15883 | IceCv    | Received a gift from Trog
 16364 | IceCv    | Noticed a frost giant
 16384 | IceCv    | Killed a frost giant
 17507 | Lair:6   | Entered Level 6 of the Lair of Beasts
 17636 | Lair:6   | Received a gift from Trog
 17724 | Lair:6   | Reached skill level 13 in Fighting
 17782 | Lair:6   | Reached ****** piety under Trog
 17791 | Lair:6   | Reached XP level 14. HP: 114/129 MP: 14/14
 17998 | Lair:6   | Found a viscous altar of Jiyva.
 17998 | Lair:6   | Found a staircase to the Slime Pits.
 18786 | Lair:6   | Identified Sif Muna's Papyrus of Earthen Beguiling
 19166 | D:12     | Received a gift from Trog
 20181 | D:13     | Reached skill level 14 in Fighting
 20308 | D:13     | Found a gate to the Vaults.
 20323 | D:13     | Received a gift from Trog
 20482 | D:13     | Found Piofoxt's Food Shop.
 21216 | D:14     | Found a blossoming altar of Fedhas.
 21227 | D:14     | Reached skill level 10 in Shields
 21227 | D:14     | Reached XP level 15. HP: 131/139 MP: 13/15
 21519 | D:14     | Received a gift from Trog
 21629 | D:14     | Reached skill level 15 in Fighting
 21976 | D:15     | Entered Level 15 of the Dungeon
 22118 | D:15     | Found a staircase to the Depths.
 22657 | D:15     | Found Xalex's General Store.
 22665 | D:15     | Bought a potion of cancellation for 104 gold pieces
 22738 | D:15     | Received a gift from Trog
 23314 | Orc:1    | Entered Level 1 of the Orcish Mines
 23594 | Orc:2    | Entered Level 2 of the Orcish Mines
 23623 | Orc:2    | Reached skill level 16 in Fighting
 23664 | Orc:2    | Received a gift from Trog
 23680 | Orc:2    | Found Gonturoe's Weapon Shop.
 23680 | Orc:2    | Found Hoppeukh's Distillery.
 23684 | Orc:2    | Found a staircase to the Elven Halls.
 24174 | Orc:2    | Found Zirph's Armour Boutique.
 24177 | Orc:2    | Found Xynoczuy's Book Shoppe.
 24354 | Shoals:1 | Entered Level 1 of the Shoals
 24637 | Shoals:1 | Received a gift from Trog
 24862 | Shoals:1 | Reached XP level 16. HP: 131/152 MP: 13/16
 25228 | Shoals:1 | Noticed a kraken
 25236 | Shoals:1 | Killed a kraken
 25908 | Shoals:2 | Reached skill level 17 in Fighting
 25915 | Shoals:2 | Received a gift from Trog
 26971 | Orc:2    | Bought the +18 shield of the Gong {rElec rN+ MR+ EV-5} for
                  | 1264 gold pieces
 26971 | Orc:2    | Found the +18 shield of the Gong {rElec rN+ MR+ EV-5}
 27164 | Shoals:3 | Found Amuj's Weapon Shop.
 27216 | Shoals:3 | Noticed Bai Suzhen
 27230 | Shoals:3 | Cast into level 2 of the Abyss (merfolk impaler)
 27302 | Abyss:2  | Found a corrupted altar of Lugonu.
 27349 | Abyss:2  | Paralysed by accursed screaming for 1 turns
 27364 | Abyss:3  | Noticed an Executioner
 27377 | Abyss:3  | HP: 7/155 [Executioner (1)]
 27379 | Abyss:3  | Slain by an Executioner

Levels and vault maps discovered:
D:1:      erik_arrival_blinker_ship, layout_basic
D:2:      layout_rooms, grunt_temple_overflow_open, first_ration,
          lemuel_another_geyser, uniq_crazy_yiuf_cottage, uniq_jessica,
          uniq_robin
D:3:      layout_loops_ring, nicolae_overflow_hidden_temple,
          lemuel_crystal_altar, chequers_temple_overflow_statue_of_worship,
          lemuel_round_altar
D:4:      layout_basic, serial_bayou, serial_bayou_pond_b, serial_bayou_pond_b,
          serial_bayou_lake_a, serial_bayou_crossing, serial_bayou_shore_a,
          serial_bayou_pond_c, gup_sewer_entry_pipe, serial_shops, shop,
          minmay_hollow_rounded_squares
D:5:      layout_basic, lemuel_crystal_altar, hex_medium
D:6:      layout_basic, nicolae_gozag_cash_rules_everything_around_me,
          kennysheep_little_box, lemuel_doored_altar, serial_shops, shop,
          nicolae_ashenzari_panopticon
D:7:      layout_loops_ring, minmay_temple_entry_arrows,
          ebering_ghost_disaster_area, nicolae_ossuary_entry_ruins
D:8:      layout_gridville, lair_entry_dummy, serial_shops, shop,
          ebering_ghost_reflecting_pool, nemelex_dance_club_becter
D:9:      layout_long_grid, nicolae_overflow_crystal_walls
D:10:     layout_roguey, orc_0_dummy
D:11:     layout_grid_maze, serial_glass, glass_columns_a, glass_columns_a,
          gauntlet_entry_generic, grunt_pizzeria
D:12:     minmay_the_grid_3x2 [minmay_the_grid_outer_circle,
          minmay_the_grid_paths, minmay_the_grid_holed_spiral,
          minmay_the_grid_pillar_ring, minmay_the_grid_stretched_grid,
          minmay_the_grid_prize_big_room], layout_grid_maze
D:13:     layout_rooms, lightli_vaults_fourway_checkpoint, serial_shops,
          nicolae_shop_trees
D:14:     thingy_vault, layout_gridville, minmay_misc_feat_pillars,
          fedhas_altar_1
D:15:     hangedman_depths_entry_civil_slaughter, layout_cave_pods,
          wad_floor_pattern_2, serial_shops, shop_statue
Lair:1:   layout_layer_cave, st_stairs_5, kennysheep_abandoned_house,
          uniq_joseph
Lair:2:   layout_regular_city, minmay_shoals_entry_lonely_mermaid,
          lemuel_fruit_tree
Lair:3:   layout_cave_shapes, minivault_26, pf_torpor_hydra, uniq_nergalle
Lair:4:   layout_small_grid, dummy_snake_entry, lemuel_centaur_altar,
          infiniplex_staircase_pool_2, serial_bayou_shore_b, grunt_megastairs_4,
          serial_bayou_shore_b, uniq_urug
Lair:5:   layout_cave_pods, portal_ice_cave_entry_ice_beasts
Lair:6:   minmay_lair_end_enchanted_forest, layout_small_grid, slime_altar_1,
          grunt_megastairs_3
Shoals:1: layout_shoals, nicolae_shoals_circle_sea_wall
Shoals:2: layout_shoals
Shoals:3: layout_shoals, serial_shops, nicolae_shop_behind_doors,
          uniq_bai_suzhen, uniq_jorgrun
Orc:1:    layout_caves, nicolae_orc_lava_room
Orc:2:    st_orc_rangers, layout_caves
Abyss:3:  nicolae_abyss_rune_star_stuff

Skill      XL: |  1  2  3  4  5  6  7  8  9 10 11 12 13 14 15 16 |
---------------+-------------------------------------------------+-----
Dodging        | 3 4 5 6 7 8 9 10 11 12 13 | 13.7
Long Blades    | 4 5 6 7 8 10 12 13 14 16 | 16.3
Fighting       | 4 5 6 7 8 9 11 12 13 14 16 17 | 17.4
Shields        | 2 5 7 10 11 | 11.9

Action                   |  1- 3 |  4- 6 |  7- 9 | 10-12 | 13-15 | 16-18 || total
-------------------------+-------+-------+-------+-------+-------+-------++-------
Melee: Falchion          |   110 |   168 |   230 |       |       |       ||   508
       Tailslap          |    20 |    23 |    66 |    94 |   323 |    70 ||   596
       Long sword        |       |       |    60 |       |       |       ||    60
       Double sword      |       |       |    58 |   281 |       |       ||   339
       Scimitar          |       |       |       |   127 |  1102 |   221 ||  1450
Invok: Berserk           |     1 |     2 |     2 |     3 |     2 |       ||    10
       Trog's Hand       |       |     2 |     7 |     7 |    12 |     5 ||    33
       Brothers in Arms  |       |       |       |       |       |     1 ||     1
 Abil: Evoke Flight      |       |     2 |       |       |       |       ||     2
Evoke: Wand              |       |       |     1 |       |       |       ||     1
  Use: Scroll            |     4 |     5 |    15 |     9 |     9 |       ||    42
       Potion            |       |     6 |     4 |     2 |     2 |     4 ||    18
 Stab: Sleeping          |       |       |     1 |     1 |     8 |       ||    10
       Distracted        |       |       |       |       |     2 |       ||     2
  Eat: Chunk             |     2 |     5 |    11 |    14 |    20 |       ||    52
       Ration            |       |     2 |     2 |     5 |     6 |     3 ||    18
Armor: Skin              |    45 |    67 |   127 |   175 |   226 |    62 ||   702
Dodge: Dodged            |   110 |   137 |   287 |   383 |   933 |   192 ||  2042
Block: Buckler           |       |       |       |    97 |   573 |    89 ||   759
       Shield            |       |       |       |       |       |   151 ||   151
       Rpst.: Falchion   |    31 |    44 |    51 |       |       |       ||   126
       Long sword        |       |       |    21 |       |       |       ||    21
       Double sword      |       |       |    15 |    87 |       |       ||   102
       Scimitar          |       |       |       |    25 |   199 |    31 ||   255
